 Dungeon Crawl Stone Soup version 0.16-a0-3911-g06eb01e (webtiles) character file.

153 timbw the Chopper (level 5, -2/41 HPs)
             Began as a Human Fighter on Feb 4, 2015.
             Was an Initiate of Makhleb.
             Slain by a giant frog (3 damage)
             ... on level 6 of the Dungeon.
             The game lasted 00:04:49 (1277 turns).

timbw the Chopper (Human Fighter)                   Turns: 1277, Time: 00:04:49

Health: -2/41      AC:  7    Str: 17    XL:     5   Next: 61%
Magic:  5/5        EV:  7    Int:  9    God:    Makhleb [......]
Gold:   74         SH:  9    Dex: 12    Spells: 0 memorised, 4 levels left

rFire  . . .     SeeInvis .     a - +0 war axe
rCold  . . .     Clarity  .     b - +0 scale mail
rNeg   . . .     SustAb   .     c - +0 shield
rPois  .         Gourm    .     (no helmet)
rElec  .         Spirit   .     (no cloak)
rCorr  .         Warding  .     k - +0 pair of gloves
rMut   .         Rnd*Tele +     (no boots)
MR     .....                    (no amulet)
Stlth  ..........               (no ring)
                                h - ring of teleportation (curse)

@: not resistant to hostile enchantments, extremely unstealthy
A: no striking features
a: Renounce Religion, Evoke Teleportation


You were on level 6 of the Dungeon.
You worshipped Makhleb.
Makhleb was noncommittal.
You were hungry.

You visited 2 branches of the dungeon, and saw 7 of its levels.

You collected 74 gold pieces.

Inventory:

Hand weapons
 a - a +0 war axe (weapon)
Armour
 b - a +0 scale mail (worn)
 c - a +0 shield (worn)
 k - a +0 pair of gloves (worn)
Jewellery
 h - a cursed ring of teleportation (left hand)
Magical devices
 i - a wand of disintegration (13)
Potions
 e - a potion of might
 f - 2 potions of curing
 g - 4 potions of berserk rage
 l - 3 potions of flight
Comestibles
 d - 3 bread rations
 j - 2 meat rations
 m - 2 fruits


   Skills:
 - Level 3.0 Fighting
 + Level 5.4 Axes
 - Level 3.0 Armour
 - Level 3.0 Shields


You had 4 spell levels left.
You didn't know any spells.

Dungeon Overview and Level Annotations

Branches:
Dungeon (6/15)             Temple (1/1) D:4

Altars:
Ashenzari
Cheibriados
Dithmenos
Elyvilon
Fedhas
Gozag
Kikubaaqudgha
Makhleb
Nemelex Xobeh
Okawaru
Ru
Yredelemnul


Message History

You slash the giant frog!
The giant frog is severely wounded.
You hit the giant frog.
You kill the giant frog!
Makhleb accepts your kill.
Your Axes skill increases to level 5!
You have reached level 5!
The giant frog hits you.
* * * LOW HITPOINT WARNING * * *
The giant frog hits you.
* * * LOW HITPOINT WARNING * * *
You hit the giant frog.
The giant frog is severely wounded.
The giant frog hits you.
* * * LOW HITPOINT WARNING * * *
The giant frog barely misses you.
You barely miss the giant frog.
The giant frog is severely wounded.
You block the giant frog's attack. The giant frog hits you.
You die...

#..## #............. ...#
#..#........... ...#
##.####...###.. ..##
##..# ##...# ..#
##..####....#
..###...##......## .
....#............####...
###.......###....†.......
#.....### ##..@F.......
##....# ##..####..###
##....####..##
#.......#..#
#..........####...#
##..######........[ ..#
#......... #..###### #.##


You could see a giant frog.

Vanquished Creatures
  A giant frog (D:6)
  2 orc wizards
  An adder (D:4)
  A giant gecko (D:3)
  An ooze (D:2)
  2 orcs
  4 bats
  2 giant cockroaches
  A hobgoblin (D:2)
  3 kobolds
  2 quokkas (D:4)
  6 goblins
  A quokka skeleton (D:4)
27 creatures vanquished.

Notes
Turn   | Place    | Note
--------------------------------------------------------------
     0 | D:1      | timbw, the Human Fighter, began the quest for the Orb.
     0 | D:1      | Reached XP level 1. HP: 18/18 MP: 1/1
    98 | D:2      | Reached XP level 2. HP: 17/24 MP: 2/2
   254 | D:4      | Reached XP level 3. HP: 19/29 MP: 3/3
   283 | D:4      | Found a staircase to the Ecumenical Temple.
   290 | Temple   | Entered the Ecumenical Temple
   313 | Temple   | Became a worshipper of Makhleb the Destroyer
   505 | D:3      | Reached XP level 4. HP: 19/35 MP: 4/4
   559 | D:3      | Reached skill level 4 in Axes
   698 | D:3      | Found an iron altar of Okawaru.
   709 | D:3      | Found a shattered altar of Ashenzari.
   726 | D:4      | Noticed an ogre
   928 | D:5      | Entered Level 5 of the Dungeon
  1000 | D:5      | Found a snail-covered altar of Cheibriados.
  1017 | D:5      | Noticed a phantom
  1032 | D:5      | Noticed an ogre
  1042 | D:5      | Noticed an ogre
  1267 | D:6      | Noticed a giant frog
  1268 | D:6      | Noticed a giant frog
  1275 | D:6      | Killed a giant frog
  1275 | D:6      | Reached skill level 5 in Axes
  1275 | D:6      | Reached XP level 5. HP: 15/41 MP: 5/5
  1276 | D:6      | HP: 1/41 [giant frog (5)]
  1277 | D:6      | Slain by a giant frog

Action                   |  1- 3 |  4- 6 || total
-------------------------+-------+-------++-------
Melee: War axe           |    80 |    38 ||   118
 Abil: Evoke Teleportati |       |     1 ||     1
  Use: Scroll            |     2 |     2 ||     4
  Eat: Chunk             |       |     1 ||     1
